 Dungeon Crawl Stone Soup version 0.15.2 (webtiles) character file.

121 MordorOrchid the Grave Robber (level 4, -1/35 HPs)
             Began as a Minotaur Necromancer on June 30, 2022.
             Slain by an ogre
             ... wielding a cursed -2 giant club
              (15 damage)
             ... on Level 3 of the Dungeon.
             The game lasted 00:14:11 (1837 turns).

MordorOrchid the Grave Robber (MiNe)                Turns: 1837, Time: 00:14:11

HP  -1/35        AC 10     Str 13      XL: 4   Next: 77%
MP   0/6         EV  9     Int 13      God:
Gold 210         SH  0     Dex 10      Spells:  3 memorised,  2 levels left

rFire  . . .     SeeInvis .     d - +0 spear
rCold  . . .     Clarity  .     k - +0 ring mail (curse)
rNeg   . . .     rCorr    .     (no shield)
rPois  .         rRot     .     (helmet restricted)
rElec  .         Spirit   .     (no cloak)
SustAb .         Warding  .     (no gloves)
rMut   .         Stasis   .     y - +0 pair of boots
Gourm  .                        (no amulet)
MR     .....                    (no ring)
                                t - +4 ring of protection

@: very slightly contaminated, not resistant to hostile enchantments, very
unstealthy
A: retaliatory headbutt, horns 2
a: no special abilities


You were on level 3 of the Dungeon.
You were not hungry.

You visited 1 branch of the dungeon, and saw 4 of its levels.

You collected 210 gold pieces.

Inventory:

Hand weapons
 d - a +0 spear (weapon)
 j - a +0 hunting sling
 l - a +0 cutlass
Missiles
 e - 77 arrows
 g - 93 stones (quivered)
 i - 27 bolts
Armour
 a - a +0 robe
 k - a cursed +0 ring mail (worn)
 y - a +0 pair of boots (worn)
Comestibles
 c - 4 bread rations
 f - 2 beef jerkies
 r - 3 rotting chunks of worker ant flesh
 z - a chunk of orc flesh
 A - 4 rotting chunks of orc flesh
 B - a rotting chunk of giant newt flesh
 C - a rotting chunk of bat flesh
 G - a chunk of goblin flesh
Scrolls
 o - a scroll of magic mapping {unknown}
 p - 2 scrolls of random uselessness {unknown}
 q - 5 scrolls of remove curse
 x - a scroll of enchant armour {unknown}
 D - a scroll of teleportation {unknown}
Jewellery
 t - a +4 ring of protection (left hand)
Potions
 h - 3 potions of curing
 m - a potion of restore abilities {unknown}
 n - a potion of lignification {unknown}
 v - a potion of resistance
 w - 2 potions of might {unknown}
 E - 2 potions of brilliance {unknown}
 F - a potion of haste {unknown}
Books
 b - a book of Necromancy

   Spells                             Type                      Level
   *Pain                              Necromancy                   1
   *Animate Skeleton                  Necromancy                   1
   *Vampiric Draining                 Necromancy                   3
   Regeneration                       Charms/Necromancy            3
   Animate Dead                       Necromancy                   4
   Control Undead                     Necromancy                   4


   Skills:
 * Level 1.4 Fighting
 * Level 1.4 Armour
 * Level 2.7 Dodging
 - Level 1.5 Stealth
 * Level 2.4 Spellcasting
 + Level 3.4 Necromancy


You had 2 spell levels left.
You knew the following spells:

 Your Spells              Type           Power        Failure   Level  Hunger
a - Pain                  Necr           ##..         10%         1    #......
b - Vampiric Draining     Necr           ##........   24%         3    ####...
u - Animate Skeleton      Necr           N/A          10%         1    #......


Dungeon Overview and Level Annotations

Branches:
Dungeon (4/15)
 Temple: D:4-7

Altars:
Okawaru


Innate Abilities, Weirdness & Mutations

You reflexively headbutt those who attack you in melee.
You have a pair of horns on your head.


Message History

The ogre is severely wounded.
The ogre barely misses your giant newt skeleton.
Your giant newt skeleton barely misses the ogre.
Attack whom?
Press: ? - help, Dir - move target cursor, f/p - ogre
Aim: an ogre, wielding a giant club (severely wounded)
You reach to attack!
You hit the ogre but do no damage.
The ogre is severely wounded.
The ogre hits your giant newt skeleton with a giant club!
Your giant newt skeleton is destroyed!
Casting: Pain
Confirm with . or Enter, or press ? or * to list all spells.
Aiming: Pain
Press: ? - help, Shift-Dir - straight line, f/p - ogre
Aim: an ogre, wielding a giant club (severely wounded)
The ogre convulses in agony!
You hit the ogre.
The ogre is almost dead.
The ogre hits you with a giant club!
You die...

#[#
#.#
#.#
#.#
#.#
#.#
#.#
#.#
#@#
#O##
#..#
##.#
#.#
#.#
#.#
#.#
#)#


You could see an ogre.

Vanquished Creatures
  A worker ant (D:3)
  2 adders (D:2)
  2 oozes
  6 orcs (D:3)
  A ball python (D:2)
  7 bats
  9 hobgoblins
  5 kobolds
  3 giant newts
  7 goblins
  5 rats
48 creatures vanquished.

Vanquished Creatures (collateral kills)
  2 adders (D:2)
  2 giant cockroaches (D:1)
  2 hobgoblins
  A giant newt (D:1)
  2 goblins
  2 kobolds (D:1)
11 creatures vanquished.

Vanquished Creatures (others)
  An adder skeleton (D:2)
  3 bat skeletons
  2 giant newt skeletons
  3 goblin skeletons (D:3)
  3 hobgoblin skeletons
  2 kobold skeletons (D:3)
  2 orc skeletons (D:3)
  2 rat skeletons
18 creatures vanquished.

Grand Total: 77 creatures vanquished

Notes
Turn   | Place    | Note
--------------------------------------------------------------
     0 | D:1      | MordorOrchid, the Minotaur Necromancer, began the quest for the Orb.
     0 | D:1      | Reached XP level 1. HP: 14/14 MP: 2/2
     2 | D:1      | Learned a level 1 spell: Animate Skeleton
    57 | D:1      | Reached skill level 3 in Necromancy
   218 | D:1      | Reached XP level 2. HP: 17/22 MP: 1/2
   319 | D:1      | Reached skill level 1 in Fighting
   726 | D:2      | Reached XP level 3. HP: 26/28 MP: 0/4
   905 | D:2      | Learned a level 3 spell: Vampiric Draining
  1120 | D:2      | Reached skill level 1 in Armour
  1147 | D:2      | Reached XP level 4. HP: 26/35 MP: 2/5
  1175 | D:2      | Found an iron altar of Okawaru.
  1809 | D:3      | Noticed an ogre
  1837 | D:3      | Slain by an ogre

Action                   |  1- 3 |  4- 6 || total
-------------------------+-------+-------++-------
Melee: Spear             |    85 |    52 ||   137
 Cast: Pain              |    24 |    25 ||    49
       Animate Skeleton  |    20 |    12 ||    32
  Use: Scroll            |     3 |       ||     3
       Potion            |       |     1 ||     1
 Stab: Distracted        |     2 |       ||     2
       Sleeping          |     1 |       ||     1
  Eat: Chunk             |     2 |     3 ||     5
